 Dungeon Crawl Stone Soup version 0.30.0-29-ga12c61a403 (webtiles) character file.

Game seed: 4600729771524481409

723 Graphine the Trooper (level 7, -4/62 HPs)
             Began as a Hill Orc Fighter on June 21, 2023.
             Slain by an ogre
             ... wielding a +0 giant club
              (20 damage)
             ... on level 5 of the Dungeon.
             The game lasted 00:07:19 (3974 turns).

Graphine the Trooper (Hill Orc Fighter)             Turns: 3974, Time: 00:07:19

Health: -4/62      AC:  7    Str: 21    XL:     7   Next: 71%
Magic:  0/10       EV: 10    Int:  8    God:
Gold:   246        SH:  5    Dex: 10    Spells: 4/6 levels left

rFire   . . .        a - +0 war axe (heavy)
rCold   . . .        c - +0 buckler
rNeg    . . .        w - +0 ring mail
rPois   .            (no helmet)
rElec   .            (no cloak)
rCorr   +            (no gloves)
SInv    .            j - +0 pair of boots
Will    .....        r - amulet of guardian spirit Stlth
                     f - ring of resist corrosion
HPRegen 0.30/turn    (no ring)
MPRegen 0.12/turn

%: guardian spirit
@: mighty, marked
A: no striking features
a: no special abilities


You were on level 5 of the Dungeon.
You visited 1 branch of the dungeon, and saw 5 of its levels.

You collected 246 gold pieces.

Inventory:

Hand Weapons
 a - a +0 heavy war axe (weapon)
 d - the +7 dagger of Zibafuni {pain, rPois rF+ MP+9}
   (You found it on level 2 of the Dungeon)

   rF:        It protects you from fire.
   rPois:     It protects you from poison.
   MP:        It affects your magic capacity (+9).
Armour
 c - a +0 buckler (worn)
 j - a +0 pair of boots (worn)
 w - a +0 ring mail (worn)
Jewellery
 f - a ring of resist corrosion (left hand)
 r - an amulet of guardian spirit (around neck)
Wands
 v - a wand of charming (2)
Scrolls
 t - 3 scrolls of teleportation
Potions
 e - a potion of curing
 g - a potion of brilliance
 h - a potion of heal wounds
 i - 2 potions of haste {unknown}
 k - 2 potions of ambrosia {unknown}
 l - a potion of flight {unknown}
 m - a potion of invisibility {unknown}
 o - 2 potions of degeneration {unknown}
 p - a potion of lignification {unknown}
 s - 2 potions of cancellation {unknown}


   Skills:
 + Level 5.7 Fighting
 + Level 5.3 Axes
 + Level 5.3 Armour
 - Level 5.0 Shields
 + Level 4.6 Invocations


You had 4 spell levels left.
You knew the following spells:

 Your Spells              Type           Power      Damage    Failure   Level
a - Passwall              Tmut/Erth      0%         N/A       77%         2

Your spell library contained the following spells:

 Spells                   Type           Power      Damage    Failure   Level
 Beastly Appendage        Tmut           0%         N/A       63%         1
 Necrotise                Necr           0%         1d4       63%         1
 Sandblast                Erth           0%         2d4       63%         1
 Lesser Beckoning         Tloc           0%         N/A       77%         2
 Wereblood                Tmut           0%         N/A       77%         2
 Gell's Gravitas          Tloc           0%         N/A       94%         3
 Spider Form              Tmut/Pois      0%         N/A       94%         3
 Stone Arrow              Conj/Erth      0%         3d7       94%         3
 Teleport Other           Tloc           0%         N/A       94%         3
 Vampiric Draining        Necr           0%         2d6       94%         3
 Agony                    Necr           0%         N/A       100%        5


Dungeon Overview and Level Annotations

Branches:
Dungeon (5/15)
 Temple: D:4-7

Altars:
Okawaru
Yredelemnul

Annotations:
D:5 Ijyb


Message History

The roots erupt in riotous growth!
The adder is unaffected.
The ogre is unaffected.
The adder is unaffected.
The grasping roots grab you! The grasping roots constrict you.
An ogre comes into view. It is wielding a +0 giant spiked club.
You block the iguana's attack.
You slice the ogre!!
The ogre is severely wounded.
You slash the scorpion! You slash the adder! You slash the iguana!
You kill the iguana!
You slash the adder!
You kill the adder!
The adder bites you but does no damage. You block the scorpion's attack.
The ogre barely misses you. The grasping roots constrict you.
The adder barely misses you. The scorpion stings you.
You are poisoned.
The scorpion poisons you! The grasping roots constrict you.
The adder bites you.
The ogre hits you with a +0 giant spiked club!!
* * * LOW HITPOINT WARNING * * *
The scorpion completely misses you.
The grasping roots release their grip on you.
You slice the ogre!!
You kill the ogre!
You hit the scorpion.
You kill the scorpion!
You barely miss the adder.
* * * LOW HITPOINT WARNING * * *
You feel very sick.
The adder bites you but does no damage. x2; The ogre completely misses you.
The adder misses you.
Training target 5.0 for Shields reached!
Your Armour skill increases to level 5!
Your Shields skill increases to level 5!
You feel better. Ijyb hits you with a +0 dagger.
* * * LOW HITPOINT WARNING * * *
A black bear comes into view.
The adder bites you but does no damage.
The ogre hits you with a +0 giant club!!
You die... #.... #...# #...# ###...### ........ #.#...# #.#.†.# #.#@..# #hOSgO#

#..W..#
#######.....##
.............#
#######...)#.#
#######.####.!.
........########
........).<#


You could see a black bear, 2 ogres, a phantom, Ijyb and an adder.

Vanquished Creatures
  An ogre (D:5)
  The ghost of G0Dl1kE the Insei, an amateur OpTm (D:3)
  A scorpion (D:5)
  A bullfrog zombie (D:3)
  A centaur zombie (D:3)
  2 hounds (D:4)
  A bullfrog skeleton (D:3)
  A sleepcap (D:4)
  3 iguanas
  An orc wizard (D:5)
  Natasha (thrice) (D:2)
  A howler monkey skeleton (D:3)
  3 adders
  A white imp (D:4)
  An ufetubus (D:4)
  An adder zombie (D:2)
  A worm (D:2)
  2 dart slugs
  12 orcs
  A spectral bat (D:2)
  6 endoplasms
  2 giant cockroaches
  5 hobgoblins
  4 jackals (D:1)
  4 quokkas
  3 ball pythons
  5 bats
  3 frilled lizards (D:2)
  A giant cockroach zombie (D:2)
  6 goblins
  A jackal skeleton (D:2)
  8 kobolds
  3 rats
  2 spectral ball pythons (D:2)
92 creatures vanquished.

Notes
Turn   | Place    | Note
-------+----------+-------------------------------------------
     0 | D:1      | Graphine the Hill Orc Fighter began the quest for the Orb.
     0 | D:1      | Reached XP level 1. HP: 19/19 MP: 1/1
   179 | D:1      | Reached XP level 2. HP: 27/27 MP: 2/2
   330 | D:1      | Reached skill level 1 in Invocations
   749 | D:2      | Noticed Natasha
   760 | D:2      | Reached XP level 3. HP: 11/33 MP: 3/3
   760 | D:2      | Killed Natasha
   771 | D:2      | Identified the +7 dagger of Zibafuni {pain, rPois rF+ MP+9}
   923 | D:2      | Noticed Natasha
   930 | D:2      | Killed Natasha
   931 | D:2      | Reached XP level 4. HP: 37/40 MP: 5/5
  1058 | D:2      | Noticed Natasha
  1069 | D:2      | Killed Natasha
  1197 | D:2      | Reached XP level 5. HP: 36/47 MP: 6/6
  1375 | D:2      | Found a faded altar of an unknown god.
  1521 | D:3      | Found a runed translucent gate.
  1522 | D:3      | Found a runed translucent gate.
  1524 | D:3      | Found a runed translucent gate.
  1642 | D:3      | Found a faded altar of an unknown god.
  1653 | D:3      | Found a basalt altar of Yredelemnul.
  2246 | D:3      | Noticed G0Dl1kE's ghost (amateur OpTm)
  2598 | D:3      | Killed G0Dl1kE's ghost
  2599 | D:3      | Reached XP level 6. HP: 18/55 MP: 6/8
  2755 | D:4      | Reached skill level 5 in Fighting
  2829 | D:4      | Found an iron altar of Okawaru.
  3137 | D:4      | Reached XP level 7. HP: 61/61 MP: 9/9
  3824 | D:4      | Learned a level 2 spell: Passwall
  3919 | D:5      | Entered Level 5 of the Dungeon
  3961 | D:5      | Reached skill level 5 in Axes
  3968 | D:5      | Noticed Ijyb
  3974 | D:5      | Reached skill level 5 in Armour
  3974 | D:5      | Reached skill level 5 in Shields
  3974 | D:5      | Slain by an ogre

Illustrated notes

Levels and vault maps discovered:
D:1:      minmay_arrival_four_circles, layout_basic
D:2:      layout_rooms, shapermc_ecumenical_altar_mp_highgroup,
          dilly_guarded_unrand_morg
D:3:      layout_basic, nicolae_overflow_ecumenical_swirl,
          gammafunk_ghost_necromancy, corexii_hall_statues_l, eino_curves_02
D:4:      layout_basic, lemuel_tele_altar, chequers_serial_rivers_large_b
D:5:      layout_basic, mainiacjoe_overflow_small_starburst,
          amcnicky_mini_pool_small, uniq_ijyb

Skill      XL: |  1  2  3  4  5  6  7 |
---------------+----------------------+-----
Axes           | 3 4 5 |  5.3
Invocations    | 1 2 3 4 |  4.6
Fighting       | 4 5 |  5.7
Armour         | 4 5 |  5.3
Shields        | 4 5 |  5.0

Action                     |  1- 3 |  4- 6 |  7- 9 || total
---------------------------+-------+-------+-------++-------
  Melee: War axe           |    68 |   129 |    28 ||   225
    Use: Scroll            |     1 |     6 |     2 ||     9
         Potion            |     1 |       |     4 ||     5
 Armour: Scale mail        |    40 |    84 |     4 ||   128
         Ring mail         |       |       |    10 ||    10
  Dodge: Dodged            |    51 |    79 |    27 ||   157
  Block: Buckler           |    25 |    40 |    17 ||    82
